 Dungeon Crawl Stone Soup version 0.25-a0-353-ged6d54792d (webtiles) character file.

Game seed: 14334916733728568402, levelgen mode: classic

75162 Borgoz the Basher (level 15, -11/99 HPs)
             Began as a Gargoyle Fighter on Jan 1, 2020.
             Was an Elder of Ashenzari.
             Killed from afar by a fire dragon (17 damage)
             ... with a blast of flame
             ... on level 14 of the Dungeon.
             The game lasted 00:57:31 (21314 turns).

Borgoz the Basher (Gargoyle Fighter)               Turns: 21314, Time: 00:57:31

Health: -11/99     AC: 33    Str: 24    XL:     15   Next: 49%
Magic:  17/17      EV: 21    Int: 18    God:    Ashenzari [****..]
Gold:   1508       SH:  0    Dex: 22    Spells: 14/14 levels left

rFire    + . .     SeeInvis +   z - +9 quarterstaff of Darkness {elec, Int+5} (curse)
rCold    + . .     Gourm    .   (shield currently unavailable)
rNeg     + + .     Faith    .   p - +1 ring mail of Resourcefulness {rN+ Regen+} (curse)
rPois    ∞         Spirit   .   c - +2 helmet
rElec    +         Reflect  .   (no cloak)
rCorr    +         Harm     .   k - +0 pair of gloves "Ajuwkuck" {rPois Regen+ Dex+9} (curse)
MR       +....     Clarity  +   F - +1 pair of boots
Stlth    +.........             i - amulet of rage (curse)
HPRegen  1.06/turn              B - ring "Cetirer" {Str+2 Int+4 SInv}
MPRegen  0.15/turn              o - +5 ring of protection

@: resistant, flying, hasted, very quick
A: big wings, talons 1, mutation resistance 1, negative energy resistance 1,
electricity resistance, unbreathing, petrification resistance, rot immunity, AC
+11
a: Stop Flying, Curse Item, Scrying, Renounce Religion, Evoke Berserk Rage


You were on level 14 of the Dungeon.
You worshipped Ashenzari.
Ashenzari was greatly pleased with you.
You were not hungry.

You visited 2 branches of the dungeon, and saw 20 of its levels.
You also visited: Sewer and Gauntlet.

You collected 1508 gold pieces.

Inventory:

Hand Weapons
 z - the cursed +9 quarterstaff of Darkness (weapon) {elec, Int+5}
   (You found it on level 12 of the Dungeon)

   Occasionally, upon striking a foe, it will discharge some electrical energy
   and cause terrible harm.
   It affects your intelligence (+5).
   It has a curse placed upon it.
Armour
 c - a +2 helmet (worn)
 k - the cursed +0 pair of gloves "Ajuwkuck" (worn) {rPois Regen+ Dex+9}
   (You found it in a Gauntlet)

   It affects your dexterity (+9).
   It protects you from poison.
   It increases your rate of regeneration.
   It has a curse placed upon it.
 p - the cursed +1 ring mail of Resourcefulness (worn) {rN+ Regen+}
   (You found it on level 5 of the Dungeon)

   It protects you from negative energy.
   It increases your rate of regeneration.
   It has a curse placed upon it.
 F - a +1 pair of boots (worn)
Jewellery
 e - an uncursed ring of protection from magic
 i - a cursed amulet of rage (around neck)
 o - a +5 ring of protection (right hand)
 B - the ring "Cetirer" (left hand) {Str+2 Int+4 SInv}
   (You found it on level 6 of the Dungeon)

   [ring of strength]

   It affects your strength (+2).
   It affects your intelligence (+4).
   It lets you see invisible.
 D - an uncursed ring of protection from fire
Wands
 a - a wand of acid (6)
 m - a wand of digging (7)
 r - a wand of scattershot (8)
 E - a wand of iceblast (26)
 G - a wand of paralysis (18)
Scrolls
 g - a scroll of blinking
 j - a scroll of fear
 q - 5 scrolls of remove curse
 u - 4 scrolls of magic mapping
 v - 5 scrolls of teleportation
 A - 2 scrolls of fog
 J - 2 scrolls of silence
Potions
 b - a potion of resistance
 h - 4 potions of haste
 t - 5 potions of curing
 K - a potion of cancellation
Comestibles
 f - 45 rations


   Skills:
 + Level 13.6 Fighting
   Level 14.9(15.1) Maces & Flails
 * Level 3.6(12.3) Staves
 + Level 13.6 Armour
 + Level 11.1 Dodging
   Level 3.2 Shields
 + Level 2.9 Evocations


You had 14 spell levels left.
You didn't know any spells.
Your spell library contained the following spells:

 Spells                   Type           Power        Failure   Level  Hunger
 Animate Skeleton         Necr           N/A          30%         1    ##.....
 Apportation              Tloc           #.....       30%         1    ##.....
 Confusing Touch          Hex            #.....       30%         1    ##.....
 Infusion                 Chrm           #...         30%         1    ##.....
 Magic Dart               Conj           #...         30%         1    ##.....
 Sandblast                Erth           #.....       30%         1    ##.....
 Summon Small Mammal      Summ           #...         30%         1    ##.....
 Blink                    Tloc           N/A          41%         2    ###....
 Call Imp                 Summ           #.......     41%         2    ###....
 Passwall                 Tmut/Erth      #.......     41%         2    ###....
 Searing Ray              Conj           #.....       41%         2    ###....
 Shroud of Golubria       Chrm/Tloc      #.....       41%         2    ###....
 Slow                     Hex            #.......     41%         2    ###....
 Song of Slaying          Chrm           #.......     41%         2    ###....
 Call Canine Familiar     Summ           #.......     65%         3    ####...
 Conjure Flame            Conj/Fire      #.......     65%         3    ####...
 Dazzling Flash           Conj/Hex       #.....       65%         3    ####...
 Mephitic Cloud           Conj/Pois/Air  #.......     65%         3    ####...
 Regeneration             Chrm/Necr      #.........   65%         3    ####...
 Spectral Weapon          Hex/Chrm       #.......     65%         3    ####...
 Stone Arrow              Conj/Erth      #.....       65%         3    ####...
 Summon Guardian Golem    Hex/Summ       #.......     65%         3    ####...
 Fulminant Prism          Conj/Hex       #.........   96%         4    #####..
 Iskenderun's Mystic Bla  Conj/Tloc      #.......     96%         4    #####..
 Petrify                  Tmut/Erth      #.......     96%         4    #####..
 Summon Ice Beast         Ice/Summ       #.......     96%         4    #####..
 Summon Lightning Spire   Summ/Air       #.......     96%         4    #####..
 Irradiate                Conj/Tmut      #.........   100%        5    ######.
 Lee's Rapid Deconstruct  Erth           #.........   100%        5    ######.
 Hydra Form               Tmut           #.........   100%        6    #######
 Dragon Form              Tmut           #.........   100%        7    #######
 Statue Form              Tmut/Erth      Unusable     N/A         6    N/A

Dungeon Overview and Level Annotations

Branches:
Dungeon (14/15)            Temple (0/1) D:5            Lair (6/6) D:8
 Shoals (0/4) Lair:3        Snake (0/4) Lair:3        Slime (0/5) Lair:5
    Orc (0/2) D:9           Sewer (visited)         Gauntlet (visited)
 Vaults: D:13-14

Altars:
Ashenzari
Dithmenos
Elyvilon
Fedhas
Gozag
Kikubaaqudgha
Makhleb
Okawaru
Ru
Trog
Uskayaw
Xom
Yredelemnul
The Shining One
Jiyva

Shops:
D:8 *

Annotations:
D:14 Roxanne


Innate Abilities, Weirdness & Mutations

You are resistant to torment.
Your stone body is resilient. (AC +11)
You are immune to poison.
Your large and strong wings let you fly indefinitely.
You resist negative energy. (rN+)
You are resistant to electric shocks. (rElec)
You can survive without breathing.
You are immune to petrification.
You are immune to rotting.
You have sharp toenails.
You are somewhat resistant to further mutation.


Message History

You sock the fire dragon!
The fire dragon is lightly wounded.
The white ugly thing basks in the mutagenic energy from its kin and changes!
You barely miss the fire dragon.
The fire dragon is lightly wounded.
You hear a horrible gurgling sound!
The fire dragon barely misses you. The fire dragon claws you!
* * * LOW HITPOINT WARNING * * *
The fire dragon tramples you but does no damage.
The white ugly thing punches you!
* * * LOW HITPOINT WARNING * * *
The white ugly thing freezes you! You resist.
* * * LOW HITPOINT WARNING * * *
You bludgeon the fire dragon!!
The fire dragon is heavily wounded.
You hear a horrible gurgling sound! x2
Unknown command.
The fire dragon breathes flames at you. The blast of flame hits you!
You resist.
You die...

, *, , , ,, ,
*,, ,,** * ,
, , , , , ,,
, , , , *, ,
, , , . ,, ,
.. *, , , , ,
{.., , , * ∆,
, ,, ....,
*** , * ,
,#####{{....
, + * ,
#.@.#{.....,,
* ,
#.uuD5u....,
, #.<.#......
, , ,
#...#......
,, , * *
#...# ..... ,
, * , ,.../#
..... ,,
*,,,.....+
,.... ,* *
....... ,....
, * ,...####+
,, *, , ,


You could see a fire dragon, 3 ugly things and a shadow imp.

Vanquished Creatures
  Jorgrun (D:13)
  A minotaur (Gauntlet)
  Erolcha (D:13)
  3 catoblepae (Lair:6)
  Harold (D:9)
  2 centaur warriors (D:13)
  9 hydras
  2 two-headed ogres
  18 death yaks
  The ghost of grouchysmurf the Skirmisher, a novice OgTm of Okawaru (D:7)
  4 skeletal warriors
  5 unseen horrors
  A cyclops (D:13)
  6 ugly things
  2 oklob plants
  5 slime creatures
  An elephant (D:8)
  2 manticores (Lair:6)
  3 black mambas
  4 centaur zombies
  Joseph (D:9)
  Psyche (D:9)
  2 torpor snails
  3 kobold demonologists (D:13)
  9 komodo dragons
  13 spiny frogs
  A minotaur zombie (Gauntlet)
  3 tengu conjurers (D:13)
  3 trolls
  14 dream sheep
  4 blink frogs (Lair:3)
  3 hippogriffs
  7 shadows
  A centaur simulacrum (D:12)
  A tarantella (shapeshifter) (D:12)
  2 hungry ghosts
  4 wyverns
  50 yaks
  A basilisk (D:8)
  A steam dragon (D:9)
  2 vampire mosquitoes (D:12)
  3 nagas (Lair:3)
  2 insubstantial wisps (D:9)
  3 acid dragons
  6 water moccasins
  2 porcupines
  4 orc warriors
  5 ice beasts
  2 black bears
  2 eyes of draining
  3 phantoms
  7 sky beasts
  11 wolves
  A necrophage (D:9)
  7 ogres
  8 centaurs
  13 crocodiles
  13 big kobolds
  2 wyvern zombies
  17 bullfrogs
  A water moccasin zombie (D:9)
  4 killer bees (D:7)
  4 scorpions
  A vampire bat (D:6)
  5 electric eels (D:10)
  3 wights (D:13)
  10 howler monkeys
  5 crimson imps
  A quasit (D:12)
  4 bullfrog zombies
  5 jellies
  3 bullfrog skeletons
  5 orc priests
  5 hounds
  8 worker ants
  Natasha (thrice) (D:2)
  6 iguanas
  2 merfolk sirens (Sewer)
  14 orc wizards
  A merfolk avatar (Sewer)
  A killer bee zombie (D:7)
  A hound zombie (D:9)
  2 hound skeletons
  A worker ant zombie (D:5)
  A howler monkey skeleton (D:9)
  17 adders
  2 river rats (Sewer)
  2 shadow imps
  12 white imps (Lair:4)
  7 oozes
  3 dart slugs
  7 leopard geckos
  41 orcs
  4 bat skeletons (D:6)
  8 giant cockroaches
  9 goblins
  6 hobgoblins
  10 jackals
  5 quokkas
  5 ball pythons (Sewer)
  9 bats
  12 frilled lizards
  A jackal skeleton (D:4)
  A jackal zombie (D:6)
  27 kobolds
  A leopard gecko skeleton (D:8)
  33 rats
  A bush (Lair:1)
  A plant (Lair:1)
629 creatures vanquished.

Vanquished Creatures (others)
  An orc wizard (D:3)
  11 fungi
  5 plants
  13 toadstools (Lair:1)
30 creatures vanquished.

Grand Total: 659 creatures vanquished

Notes
Turn   | Place    | Note
-------+----------+-------------------------------------------
     0 | D:1      | Borgoz the Gargoyle Fighter began the quest for the Orb.
     0 | D:1      | Reached XP level 1. HP: 14/14 MP: 1/1
    68 | D:1      | Reached XP level 2. HP: 13/19 MP: 2/2
   395 | D:1      | Reached XP level 3. HP: 23/23 MP: 3/3
   549 | D:1      | Reached skill level 3 in Maces & Flails
  1107 | D:2      | Reached XP level 4. HP: 29/29 MP: 4/4
  1229 | D:2      | Found a white marble altar of Elyvilon.
  1283 | D:2      | Found a bloodstained altar of Trog.
  1442 | D:2      | Noticed Natasha
  1451 | D:2      | Killed Natasha
  1643 | D:2      | Found a faded altar of an unknown god.
  1872 | D:2      | Noticed Natasha
  1883 | D:2      | Killed Natasha
  1883 | D:2      | Reached skill level 4 in Maces & Flails
  1883 | D:2      | Reached XP level 5. HP: 24/33 MP: 5/5
  2257 | D:2      | Noticed Natasha
  2266 | D:2      | Killed Natasha
  2809 | D:3      | Found a glowing drain.
  2818 | Sewer    | Entered a sewer
  2838 | Sewer    | Reached XP level 6. HP: 39/39 MP: 6/6
  3440 | Sewer    | Reached skill level 5 in Maces & Flails
  4132 | D:4      | Reached skill level 5 in Fighting
  4142 | D:4      | Reached skill level 5 in Armour
  4142 | D:4      | Reached XP level 7. HP: 44/44 MP: 7/7
  4361 | D:4      | Found a sacrificial altar of Ru.
  4374 | D:4      | Reached skill level 6 in Maces & Flails
  4825 | D:4      | Found a blossoming altar of Fedhas.
  4855 | D:4      | Found a hide-covered altar of Uskayaw.
  5018 | D:5      | Entered Level 5 of the Dungeon
  5027 | D:5      | Reached XP level 8. HP: 18/51 MP: 8/8
  5247 | D:5      | Found a shattered altar of Ashenzari.
  5434 | D:5      | Reached skill level 7 in Maces & Flails
  5596 | D:5      | Found a burning altar of Makhleb.
  5684 | D:5      | Got an encrusted ring mail
  5698 | D:5      | Identified the +1 ring mail of Resourcefulness {rN+ Regen+}
                  | (You found it on level 5 of the Dungeon)
  5858 | D:5      | Found a staircase to the Ecumenical Temple.
  5985 | D:5      | Became a worshipper of Ashenzari the Shackled
  6080 | D:6      | Reached skill level 8 in Maces & Flails
  6105 | D:6      | Reached XP level 9. HP: 56/56 MP: 9/9
  6344 | D:6      | Found an ancient bone altar of Kikubaaqudgha.
  6462 | D:6      | Identified the ring "Cetirer" {Str+2 Int+4 SInv}
  6537 | D:6      | Reached skill level 1 in Dodging
  6711 | D:6      | Found a basalt altar of Yredelemnul.
  6901 | D:7      | Reached skill level 9 in Maces & Flails
  7052 | D:7      | Noticed grouchysmurf's ghost (novice OgTm)
  7056 | D:7      | Found a runed translucent gate.
  7056 | D:7      | Found a runed translucent gate.
  7056 | D:7      | Found a runed translucent gate.
  7567 | D:7      | Reached * piety under Ashenzari
  7782 | D:7      | Found a shadowy altar of Dithmenos.
  7826 | D:7      | Found a glowing golden altar of the Shining One.
  8001 | D:8      | Found a staircase to the Lair.
  8001 | D:8      | Noticed an elephant
  8056 | D:8      | Found Gozag's Platinum Reserve.
  8067 | D:8      | Found an opulent altar of Gozag.
  8141 | D:8      | Reached XP level 10. HP: 58/64 MP: 10/10
  8153 | D:8      | Killed an elephant
  8252 | D:8      | Reached skill level 10 in Maces & Flails
  8490 | D:8      | Found a viscous altar of Jiyva.
  8676 | D:9      | Noticed Joseph
  8855 | D:9      | Found a staircase to the Orcish Mines.
  9051 | D:9      | Noticed Harold
  9059 | D:9      | Found a shimmering altar of Xom.
  9076 | D:9      | Killed Harold
  9098 | D:9      | Reached skill level 5 in Dodging
  9185 | D:9      | Noticed Psyche
  9197 | D:9      | Killed Joseph
  9197 | D:9      | Reached XP level 11. HP: 69/69 MP: 11/11
  9205 | D:9      | Killed Psyche
  9205 | D:9      | Reached skill level 11 in Maces & Flails
  9647 | D:10     | Entered Level 10 of the Dungeon
  9699 | D:10     | Found an iron altar of Okawaru.
  9871 | D:10     | Noticed an unseen horror
  9888 | D:10     | Noticed a two-headed ogre
  9927 | D:10     | Killed a two-headed ogre
 10006 | D:10     | Killed an unseen horror
 10223 | D:10     | Reached ** piety under Ashenzari
 10713 | D:11     | Got the uncursed ring mail of Contentment {rN+}
 10777 | D:11     | Noticed an unseen horror
 10795 | D:11     | Killed an unseen horror
 10838 | D:11     | Noticed a cyan ugly thing
 10849 | D:11     | Killed a cyan ugly thing
 10859 | D:11     | Noticed an unseen horror
 10891 | D:11     | Killed an unseen horror
 10891 | D:11     | Reached skill level 12 in Maces & Flails
 10964 | D:11     | Noticed an unseen horror
 10987 | D:11     | Killed an unseen horror
 10987 | D:11     | Reached XP level 12. HP: 71/77 MP: 12/12
 11073 | D:11     | Reached skill level 10 in Fighting
 11306 | D:12     | Reached skill level 10 in Armour
 11403 | D:12     | Noticed an eight-headed hydra
 11538 | D:13     | Gained mutation: Armour fits poorly on your strangely
                  | shaped body. [a neqoxec]
 11542 | D:13     | Gained mutation: Potions are less effective at restoring
                  | your health. [a neqoxec]
 11678 | D:13     | Noticed Erolcha
 11693 | D:13     | Noticed a centaur warrior
 12302 | Lair:1   | Entered Level 1 of the Lair of Beasts
 12302 | Lair:1   | Noticed a four-headed hydra
 12319 | Lair:1   | Killed a four-headed hydra
 12470 | Lair:1   | Reached skill level 13 in Maces & Flails
 12916 | Lair:1   | Noticed a five-headed hydra
 12928 | Lair:1   | Killed a five-headed hydra
 12928 | Lair:1   | Reached XP level 13. HP: 75/83 MP: 13/13
 13002 | Lair:1   | Found a blossoming altar of Fedhas.
 13344 | Lair:2   | Reached *** piety under Ashenzari
 14108 | Lair:1   | Identified the +1 ring mail of Contentment {rN+} (You found
                  | it on level 11 of the Dungeon)
 14226 | Lair:3   | Found a burning altar of Makhleb.
 14248 | Lair:3   | Found a staircase to the Shoals.
 14250 | Lair:3   | Found a gate leading to a gauntlet.
 14345 | Gauntlet | Entered a Gauntlet
 14345 | Gauntlet | Found a transporter.
 14345 | Gauntlet | Found a runed translucent door.
 14346 | Gauntlet | Found a runed translucent door.
 14350 | Gauntlet | Found a transporter.
 14352 | Gauntlet | Found a transporter.
 14361 | Gauntlet | Found a transporter.
 14363 | Gauntlet | Found a transporter.
 14371 | Gauntlet | Found a transporter.
 14387 | Gauntlet | Found a transporter.
 14397 | Gauntlet | Found a transporter.
 14404 | Gauntlet | Found a transporter.
 14423 | Gauntlet | Found a transporter.
 14435 | Gauntlet | Found a transporter.
 14435 | Gauntlet | Found a transporter.
 14485 | Gauntlet | Found a transporter.
 14499 | Gauntlet | Found a transporter.
 14992 | Gauntlet | Got the uncursed pair of gloves "Ajuwkuck" {rPois Regen+
                  | Dex+9}
 15000 | Gauntlet | Identified the +0 pair of gloves "Ajuwkuck" {rPois Regen+
                  | Dex+9} (You found it in a Gauntlet)
 15020 | Gauntlet | Noticed a minotaur
 15043 | Gauntlet | Killed a minotaur
 15060 | Gauntlet | Identified the ring "Faext" {Str+2 Stlth+}
 15061 | Gauntlet | Got the uncursed ring mail "Nimug" {MP+9 Str-2 Int+8}
 15090 | Gauntlet | Identified the +4 ring mail "Nimug" {MP+9 Str-2 Int+8} (You
                  | found it in a Gauntlet)
 15677 | Lair:3   | Found a staircase to the Snake Pit.
 16032 | Lair:4   | Found a frozen archway.
 16968 | Lair:5   | Found a staircase to the Slime Pits.
 17081 | Lair:5   | Reached skill level 14 in Maces & Flails
 17253 | Lair:5   | Reached **** piety under Ashenzari
 17480 | Lair:5   | Gained mutation: Your large and strong wings let you fly
                  | indefinitely. [Gargoyle growth]
 17480 | Lair:5   | Reached XP level 14. HP: 82/92 MP: 14/14
 17498 | Lair:5   | Reached skill level 10 in Dodging
 17607 | Lair:6   | Entered Level 6 of the Lair of Beasts
 19622 | D:7      | Killed grouchysmurf's ghost
 19622 | D:7      | Reached XP level 15. HP: 94/99 MP: 15/15
 19820 | D:12     | Reached skill level 1 in Evocations
 20115 | D:12     | Got the quarterstaff of Darkness {elec, Int+5}
 20116 | D:12     | Identified the +9 quarterstaff of Darkness {elec, Int+5}
                  | (You found it on level 12 of the Dungeon)
 20296 | D:13     | Reached skill level 1 in Staves
 20490 | D:13     | Killed Erolcha
 20605 | D:13     | Noticed Jorgrun
 20621 | D:13     | Killed Jorgrun
 20801 | Lair:1   | Lost mutation: Armour fits poorly on your strangely shaped
                  | body. [potion of mutation]
 20801 | Lair:1   | Lost mutation: Potions are less effective at restoring your
                  | health. [potion of mutation]
 20801 | Lair:1   | Gained mutation: You are occasionally teleported next to
                  | monsters. [potion of mutation]
 20801 | Lair:1   | Gained mutation: Your skin changes colour to match your
                  | surroundings (Stealth+). [potion of mutation]
 20802 | Lair:1   | Lost mutation: You are occasionally teleported next to
                  | monsters. [potion of mutation]
 20802 | Lair:1   | Lost mutation: Your skin changes colour to match your
                  | surroundings (Stealth+). [potion of mutation]
 20802 | Lair:1   | Gained mutation: Your body sometimes deteriorates upon
                  | taking damage. [potion of mutation]
 20802 | Lair:1   | Gained mutation: Your mind is acute. (Int +2) [potion of
                  | mutation]
 20803 | Lair:1   | Lost mutation: Your mind is acute. (Int +2) [potion of
                  | mutation]
 20803 | Lair:1   | Lost mutation: Your body sometimes deteriorates upon taking
                  | damage. [potion of mutation]
 20803 | Lair:1   | Gained mutation: You have sharp toenails. [potion of
                  | mutation]
 20803 | Lair:1   | Gained mutation: You are somewhat resistant to further
                  | mutation. [potion of mutation]
 21235 | D:14     | Identified Roxanne's Disquisition on Clay
 21235 | D:14     | Noticed Roxanne
 21314 | D:14     | Killed from afar by a fire dragon

Levels and vault maps discovered:
D:1:      dpeg_arrival_chambers_temple_mockup, layout_basic,
          minmay_misc_feat_doors, minmay_pentomino_o2
D:2:      layout_basic, bloody_trog, nicolae_overflow_crystal_walls,
          first_ration, chequers_ecumenical_altar_simple,
          minmay_misc_feat_nine_boxes, uniq_natasha
D:3:      minmay_chambers_of_threes, layout_basic, portal_sewer_entry_d
D:4:      layout_loops_cross, nicolae_overflow_hidden_temple,
          kennysheep_little_box, nicolae_ru_great_annihilating_truth,
          dk_noncrumbling_3, grunt_decor_one_mirror
D:5:      layout_loops_ring, nicolae_ashenzari_panopticon,
          lightli_temple_of_fire, minmay_temple_entry_trees,
          chequers_serial_rivers_micro_e
D:6:      layout_loops_ring, marbit_many_paths, kennysheep_vampire_church
D:7:      layout_layer_cave, grunt_temple_overflow_open,
          gammafunk_ghost_nasty_kobolds
D:8:      layout_cave_pools, nicolae_gozag_zags_fifth_avenue,
          david_lair_generic, hangedman_little_slice_of_home
D:9:      layout_roguey, lemuel_crystal_altar, orc_0_dummy,
          hangedman_misty_isle, uniq_harold, uniq_psyche, uniq_joseph
D:10:     layout_basic, okawaru_metal_pillars_1_2
D:11:     layout_small_grid
D:12:     layout_cave_pools, kennysheep_generic_room_13
D:13:     layout_loops_cross, grunt_ministairs_9, uniq_erolcha, uniq_jorgrun
D:14:     layout_gridville, erik_vaults_1, serial_shops, statue_bzr,
          minmay_misc_feat_cross, kennysheep_generic_room_4, uniq_kirke,
          uniq_azrael, uniq_roxanne
Lair:1:   layout_regular_city, tgw_fedhas
Lair:2:   layout_cave_pods
Lair:3:   layout_layer_cave, shoals_dummy_entry,
          minmay_snake_entry_guardpost_small, basic_altar,
          gauntlet_entry_generic
Lair:4:   layout_regular_city, portal_ice_cave_entry_imps
Lair:5:   layout_long_grid, slime_dummy, serial_rivers,
          chequers_serial_rivers_large_a, chequers_serial_rivers_room_a,
          chequers_serial_rivers_small_b, chequers_serial_rivers_micro_c,
          chequers_serial_rivers_small_a, chequers_serial_rivers_micro_c,
          beast_lair_carwin_11
Lair:6:   evilmike_catoblepas_cave, layout_small_grid

Skill      XL: |  1  2  3  4  5  6  7  8  9 10 11 12 13 14 15 |
---------------+----------------------------------------------+-----
Maces & Flails | 3 4 5 6 8 9 10 12 13 14 | 14.9
Fighting       | 4 5 6 7 8 9 10 12 13 | 13.6
Armour         | 4 5 6 7 8 9 10 12 13 | 13.6
Dodging        | 3 5 7 8 9 10 11 | 11.1
Evocations     | 2 |  2.9
Staves         | 3 |  3.6
Shields        | |  3.2

Action                   |  1- 3 |  4- 6 |  7- 9 | 10-12 | 13-15 || total
-------------------------+-------+-------+-------+-------+-------++-------
Melee: Flail             |   123 |   353 |   433 |  1009 |  1121 ||  3039
       Quarterstaff      |       |       |       |       |   171 ||   171
Throw: Throwing net      |       |       |       |     2 |     2 ||     4
Invok: Curse Item        |       |       |       |       |     4 ||     4
 Abil: Fly               |       |       |       |       |     1 ||     1
Evoke: Wand              |       |       |       |     1 |    19 ||    20
  Use: Scroll            |       |     2 |     5 |     8 |    10 ||    25
       Potion            |       |     2 |       |     5 |    12 ||    19
 Stab: Paralysed         |       |       |     1 |       |       ||     1
       Held in net/web   |       |       |       |     1 |     5 ||     6
       Sleeping          |       |       |       |       |     1 ||     1
       Petrified         |       |       |       |       |    10 ||    10
  Eat: Chunk             |     1 |    10 |    14 |    21 |    25 ||    71
       Ration            |       |       |     1 |       |     1 ||     2
Armor: Scale mail        |    66 |   193 |    69 |       |       ||   328
       Ring mail         |       |       |   145 |   528 |   421 ||  1094
       Skin              |       |       |       |    12 |       ||    12
       Acid dragon scale |       |       |       |       |     2 ||     2
       Troll leather arm |       |       |       |       |    47 ||    47
Dodge: Dodged            |    36 |   133 |   143 |   546 |   989 ||  1847
Block: Shield            |    69 |   199 |   201 |   440 |       ||   909

Table legend:
 A = Non-vault XP
 B = Vault XP
 C = Vault XP percentage of total XP
 D = Non-vault monster count
 E = Vault monster count
 F = Vault count percentage of total count
                 A         B        C        D         E       F
            +---------+---------+-------+---------+---------+-------
      Total |   76391 |   30984 |  28.9 |     469 |     159 |  25.3
            +---------+---------+-------+---------+---------+-------
        D:1 |      64 |       2 |   3.0 |      35 |       1 |   2.8
        D:2 |     134 |      36 |  21.2 |      17 |       1 |   5.6
        D:3 |      94 |      43 |  31.4 |      15 |      12 |  44.4
        D:4 |     483 |      60 |  11.0 |      18 |       4 |  18.2
        D:5 |    1135 |       0 |   0.0 |      28 |       0 |   0.0
        D:6 |     998 |      68 |   6.4 |      15 |       5 |  25.0
        D:7 |     989 |    1809 |  64.7 |      30 |      11 |  26.8
        D:8 |     909 |    1115 |  55.1 |      19 |      11 |  36.7
        D:9 |     878 |    2659 |  75.2 |      24 |       9 |  27.3
       D:10 |    4078 |       0 |   0.0 |      21 |       0 |   0.0
       D:11 |    7821 |       0 |   0.0 |      44 |       0 |   0.0
       D:12 |    7636 |     866 |  10.2 |      36 |       1 |   2.7
       D:13 |   10165 |    5737 |  36.1 |      44 |       6 |  12.0
       D:14 |    1091 |       0 |   0.0 |       2 |       0 |   0.0
     Lair:1 |    4480 |     565 |  11.2 |      12 |       1 |   7.7
     Lair:2 |    1892 |       0 |   0.0 |       6 |       0 |   0.0
     Lair:3 |    6251 |     492 |   7.3 |      26 |       3 |  10.3
     Lair:4 |    3059 |     114 |   3.6 |      11 |      12 |  52.2
     Lair:5 |   10786 |     410 |   3.7 |      26 |       2 |   7.1
     Lair:6 |   13448 |   12240 |  47.6 |      40 |      23 |  36.5
      Sewer |       0 |     184 | 100.0 |       0 |      42 | 100.0
   Gauntlet |       0 |    4584 | 100.0 |       0 |      15 | 100.0
            +---------+---------+-------+---------+---------+-------
